AoeStats
← randallwood2nd

Arena

505160416Analyzed
3v3 RM · 25d ago on Sep 8, 2026· 53m 5s· 6 players
Game mode
Random Map
Map size
Normal (6 player)
Population
200
Speed
Normal
Resources
Standard
Victory
Conquest
Starting age
Dark Age
Ending age
Imperial Age
RankedLock teamsTeams togetherTeam positionsShared explorationLock speedFull tech treeHidden civsTurbo modeCheats
Victory
Defeat
🇨🇴 Tatars · Colombia
554
+7
🇨🇳 Lithuanians · China
464
+10
🇨🇳 Slavs · China
459
+11
🇲🇽 Khmer · Mexico
384
-10
🇲🇽 Celts · Mexico
357
-10
🇺🇸 Britons · United States
286
-8
S上杉绘梨衣
10:58 Feudal Age
14:26 Castle Age
13:00 Double-Bit Axe
15:06 Wheelbarrow
15:18 Wheelbarrow
20:44 Horse Collar
24:57 Gold Mining
24:59 Stone Mining
25:28 Hand Cart
25:38 Heavy Plow
25:52 Bow Saw
29:32 Imperial Age
27:42 Stone Shaft Mining
27:14 Treadmill Crane
27:57 Light Cavalry
28:51 Forging
28:46 Scale Barding Armor
29:52 Bloodlines
29:44 Husbandry
30:35 Masonry
29:50 Cavalier
29:52 Winged Hussar
31:52 Two-Man Saw
31:54 Conscription
31:23 Paladin
33:03 Iron Casting
32:49 Chain Barding Armor
32:54 Loom
32:59 Elite Leitis
35:31 Plate Barding Armor
37:35 Ballistics
37:53 Architecture
50:33 Hoardings
51:23 Ballistics
52:04 Chemistry
51:01 Murder Holes
Carls3819
0:50 Loom
11:13 Feudal Age
11:47 Double-Bit Axe
11:46 Horse Collar
22:02 Castle Age
20:43 Arson
20:19 Man-at-Arms
21:54 Gold Mining
21:55 Stone Mining
22:49 Heavy Plow
23:02 Bow Saw
24:17 Treadmill Crane
24:36 Pikeman
25:17 Squires
32:42 Imperial Age
31:25 Wheelbarrow
30:41 Town Watch
32:34 Hand Cart
31:56 Elite Skirmisher
31:58 Crossbowman
32:42 Husbandry
32:52 Bloodlines
33:02 Padded Archer Armor
32:53 Fletching
35:04 Chemistry
34:00 Murder Holes
34:46 Crop Rotation
35:27 Leather Archer Armor
35:08 Bodkin Arrow
35:48 Town Patrol
36:42 Conscription
36:34 Silk Armor
36:48 Light Cavalry
37:41 Elite Keshik
41:26 Scale Barding Armor
41:52 Ring Archer Armor
41:24 Bracer
41:01 Halberdier
42:24 Hussar
46:25 Ballistics
46:16 Fortified Wall
48:18 Chain Barding Armor
47:59 Scale Mail Armor
48:10 Forging
50:42 Plate Barding Armor
50:26 Masonry
51:16 Long Swordsman
Atri
13:16 Feudal Age
17:55 Castle Age
17:00 Double-Bit Axe
25:22 Horse Collar
25:56 Bow Saw
26:27 Wheelbarrow
26:54 Heavy Plow
30:03 Stone Mining
30:06 Gold Mining
32:43 Gold Shaft Mining
34:36 Bloodlines
37:25 Imperial Age
34:44 Man-at-Arms
37:31 Elite Boyar
39:00 Long Swordsman
39:44 Husbandry
40:10 Conscription
40:30 Ballistics
41:11 Chemistry
39:54 Two-Handed Swordsman
41:33 Forging
41:24 Scale Mail Armor
41:30 Scale Barding Armor
41:08 Capped Ram
42:03 Druzhina
41:39 Champion
48:24 Chain Mail Armor
48:45 Iron Casting
48:30 Chain Barding Armor
49:16 Siege Ram
51:53 Blast Furnace
Isra23097758
11:43 Feudal Age
13:24 Double-Bit Axe
17:46 Wheelbarrow
16:58 Loom
17:01 Town Watch
19:52 Castle Age
21:27 Bow Saw
25:49 Gold Mining
25:50 Stone Mining
30:30 Sanctity
33:36 Imperial Age
32:39 Stone Shaft Mining
32:40 Gold Shaft Mining
35:24 Bloodlines
35:16 Husbandry
randallwood2nd
15:26 Feudal Age
17:53 Double-Bit Axe
18:46 Gold Mining
18:48 Horse Collar
25:32 Stone Mining
32:16 Loom
33:07 Wheelbarrow
32:18 Town Watch
36:22 Castle Age
38:25 Husbandry
37:46 Light Cavalry
37:48 Elite Skirmisher
37:49 Crossbowman
38:32 Squires
37:53 Pikeman
37:53 Man-at-Arms
38:19 Gambesons
38:20 Arson
38:38 Heavy Plow
38:44 Padded Archer Armor
40:24 Fortified Wall
40:11 Murder Holes
39:57 Treadmill Crane
41:25 Bow Saw
42:00 Guard Tower
41:40 Long Swordsman
42:39 Leather Archer Armor
42:33 Scale Mail Armor
45:11 Gold Shaft Mining
45:43 Town Watch
46:34 Wheelbarrow
45:46 Loom
45:59 Fletching
46:20 Forging
46:16 Scale Barding Armor
46:27 Chain Mail Armor
48:31 Ballistics
48:02 Heated Shot
miiza9315
11:31 Feudal Age
13:06 Wheelbarrow
12:20 Double-Bit Axe
14:00 Stone Mining
19:25 Forging
19:17 Scale Mail Armor
23:05 Castle Age
24:01 Hand Cart
24:21 Bow Saw
28:20 Scale Mail Armor
28:58 Iron Casting
28:54 Husbandry
36:01 Caravan
39:52 Imperial Age
37:09 Treadmill Crane
40:30 Ballistics
40:22 Cavalier
45:32 Chemistry
44:59 Stronghold
46:46 Loom
47:28 Paladin
49:06 Stronghold
48:44 Elite Woad Raider
50:17 Furor Celtica
50:46 Hoardings
Connection lost

Rejoining the realm…

Still unreachable

The connection could not be restored.

Session expired

The server has moved on; the page needs a fresh start.